 Dungeon Crawl Stone Soup version 0.28-a0-697-g47f3eba078 (webtiles) character file.

Game seed: 4292091444656912813

72 BlueGoblin the Caller (level 4, 0/27 HPs)
             Began as an Octopode Summoner on Oct 23, 2021.
             Slain by an adder (2 damage)
             ... on level 1 of the Dungeon.
             The game lasted 00:06:39 (2435 turns).

BlueGoblin the Caller (Octopode Summoner)           Turns: 2435, Time: 00:06:40

Health: 0/27       AC:  1    Str:  7    XL:     4   Next: 26%
Magic:  5/8        EV: 13    Int: 18    God:
Gold:   76         SH:  0    Dex: 12    Spells: 5/8 levels left

rFire   . . .      SeeInvis .   b - +0 dagger
rCold   . . .      Faith    .   (no shield)
rNeg    . . .      Spirit   .   (helmet restricted)
rPois   .          Reflect  .   (no amulet)
rElec   .          Harm     .   (no ring)
rCorr   .          Rampage  .   (no ring)
Will    .....                   (no ring)
Stlth   +++.......              (no ring)
HPRegen 0.09/turn               (no ring)
MPRegen 0.11/turn               (no ring)
                                (no ring)
                                (no ring)

@: lethally poisoned (0 -> -1)
A: almost no armour, amphibious, 8 rings, camouflage 1, gelatinous body 1,
(nimble swimmer 1), tentacles
a: no special abilities


You were on level 1 of the Dungeon.
You visited 1 branch of the dungeon, and saw 2 of its levels.

You collected 76 gold pieces.

Inventory:

Hand Weapons
 b - a +0 dagger (weapon)
Missiles
 e - 71 stones
Scrolls
 c - a scroll of amnesia {unknown}
 d - a scroll of enchant weapon {unknown}
 g - a scroll of teleportation {unknown}


   Skills:
 + Level 2.1 Dodging
 - Level 2.6 Stealth
 + Level 2.9 Spellcasting
 + Level 5.0 Summonings


You had 5 spell levels left.
You knew the following spells:

 Your Spells              Type           Power      Damage    Failure   Level
a - Summon Small Mammal   Summ           80%        N/A       1%          1
b - Call Imp              Summ           20%        N/A       3%          2

Your spell library contained the following spells:

 Spells                   Type           Power      Damage    Failure   Level
 Call Canine Familiar     Summ           20%        N/A       6%          3
 Summon Guardian Golem    Hex/Summ       11%        N/A       17%         3
 Summon Lightning Spire   Summ/Air       11%        N/A       50%         4


Dungeon Overview and Level Annotations

Branches:
Dungeon (2/15)

Altars:

Annotations:
D:2 Terence


Innate Abilities, Weirdness & Mutations

You cannot wear most types of armour.
You are amphibious.
You can wear up to eight rings at the same time.
Your skin changes colour to match your surroundings (Stealth+).
Your rubbery body absorbs attacks. (AC +1, EV +1)
((You are camouflaged near water. (Stealth+)))
You have tentacles for arms and can constrict up to eight enemies at once.


Message History

Your crimson imp blinks!
The adder bites you. Terence hits you with a +0 flail! The adder bites you.
Terence hits you with a +0 flail.
* * * LOW HITPOINT WARNING * * *
Terence asks, "Do you want it fast or slow?"
Your crimson imp blinks!
The adder barely misses you.
Terence asks, "Do you want it fast or slow?"
The adder bites you.
* * * LOW HITPOINT WARNING * * *
You are lethally poisoned!
The adder poisons you!
* * * LOW HITPOINT WARNING * * *
You feel sick.
It was a potion of cancellation.
You feel magically purged.
* * * LOW HITPOINT WARNING * * *
You feel sick. The adder barely misses you.
It was a potion of curing.
You feel better. The adder bites you. The adder barely misses you.
The adder barely misses you. The adder bites you.
You are poisoned.
The adder poisons you!
* * * LOW HITPOINT WARNING * * *
You feel sick.
You feel sick.
There is a stone staircase leading up here.
You feel sick. The adder bites you.
* * * LOW HITPOINT WARNING * * *
You climb upwards.
* * * LOW HITPOINT WARNING * * *
You feel sick.
There is a stone staircase leading down here.
Sorry, you're not good enough to have a special ability.
Casting: Call Imp (safe; 3% risk of failure)
Press: ? - help, Q - select action, (/) - cycle Dir - look around, f - activate A beastly little devil appears in a puff of flame.
* * * LOW HITPOINT WARNING * * *
You feel sick. The adder bites you.
You die...

#..........####.....
#.#..####...........
#.#..# #..####.....
#.#..# #..##.......
#.#..# ##..##.......
#.#..###.......##...
#.#...##...###.##...
#.#.#.##...# #.##...
#.#@#.##...# #.##...
#.#S#.##...# #.##...
#...5......###.##..#
###.................
###.###.#.........
#.###....##.##..
#........##.####
#######..##.# #
#..##.# #


You could see an adder (ally target) and a friendly crimson imp (summoned).

Vanquished Creatures
  3 hobgoblins (D:1)
  3 jackals (D:2)
  A quokka (D:1)
  A ball python (D:1)
8 creatures vanquished.

Vanquished Creatures (collateral kills)
  2 adders
  A dart slug (D:1)
  A worm (D:2)
  4 bats
  4 endoplasms
  2 goblins
  6 hobgoblins
  A jackal (D:2)
  4 kobolds
  3 quokkas
  3 ball pythons (D:1)
  2 frilled lizards
  5 rats
38 creatures vanquished.

Grand Total: 46 creatures vanquished

Notes
Turn   | Place    | Note
-------+----------+-------------------------------------------
     0 | D:1      | BlueGoblin the Octopode Summoner began the quest for the
                  | Orb.
     0 | D:1      | Reached XP level 1. HP: 11/11 MP: 3/3
   274 | D:1      | Reached XP level 2. HP: 15/17 MP: 3/5
   836 | D:1      | Reached XP level 3. HP: 19/21 MP: 3/6
  1173 | D:1      | Learned a level 2 spell: Call Imp
  1992 | D:2      | Reached XP level 4. HP: 27/27 MP: 5/8
  2216 | D:2      | Reached skill level 5 in Summonings
  2277 | D:2      | Noticed Terence
  2435 | D:1      | Slain by an adder

Illustrated notes

Levels and vault maps discovered:
D:1:      sevenhm_arrival_forest_fort_small_3, layout_loops_ring, minivault_4
D:2:      layout_basic, uniq_terence

Skill      XL: |  1  2  3  4 |
---------------+-------------+-----
Summonings     | 5 |  5.0
Dodging        | |  2.1
Stealth        | |  2.6
Spellcasting   | |  2.9

Action                   |  1- 3 |  4- 6 || total
-------------------------+-------+-------++-------
Melee: Unarmed           |    21 |       ||    21
       Tentacles         |     4 |       ||     4
       Constrict         |     8 |     1 ||     9
       Dagger            |     8 |     1 ||     9
 Cast: Summon Small Mamm |    34 |       ||    34
       Call Imp          |    13 |    12 ||    25
  Use: Potion            |       |     2 ||     2
Armor: Skin              |     8 |       ||     8
Dodge: Dodged            |    39 |    12 ||    51

Table legend: (Time is in decaauts)
 A = Elapsed time spent in this place.
 B = Non-inter-level travel time spent in this place.
 C = Inter-level travel time spent in this place.
 D = Time resting spent in this place.
 E = Time spent auto-exploring this place.
 F = Levels seen in this place.
 G = Mean time per level.
                   A        B        C        D        E       F      G
               +--------+--------+--------+--------+--------+-----+--------+
         Total |   2435 |   2357 |     78 |    368 |   1390 |   2 | 1217.5 |
       Dungeon |   2435 |   2357 |     78 |    368 |   1390 |   2 | 1217.5 |
               +--------+--------+--------+--------+--------+-----+--------+

Top non-repeatable levels by time:
     D:1: 1482 daAuts
     D:2: 953 daAuts
